Map: Whispers of Gold

Players

MIkethemoose - Winner!

  • Race: Terran Terran
  • League: Silver
  • Spawn Location: 5:00

iPlayDefense

  • Race: Terran Terran
  • League: Bronze
  • Spawn Location: 9:00

VOD

Have the link to the VOD?

Description

Time

  • Played on: April 12, 2025, 2:48 p.m.
  • Length: 17:19
Show
View Real Time Build Order
Export as new Build Order

MIkethemoose Terran - Winner!

Build Orders:  

Get SALT Encoding   

  12  0:09  Supply Depot  
  12  0:13  SCV  
  13  0:25  SCV  
  14  0:35  Barracks  
  14  0:39  SCV  
  15  0:46  Refinery  
  15  0:56  SCV  
  16  0:57  Refinery  
  16  1:08  SCV  
  17  1:20  SCV  
  17  1:24  Marine  
  19  1:26  Supply Depot  
  19  1:32  SCV  
  20  1:42  Marine  
  21  1:52  Factory  
  21  1:55  SCV  
  22  2:02  Marine  
  22  2:07  SCV  
  24  2:17  Engineering Bay  
  24  2:20  Marine  
  24  2:22  SCV  
  26  2:25  Supply Depot  
  26  2:38  Marine  
  26  2:40  SCV  
  28  2:48  Factory Tech Lab  
  28  2:51  Missile Turret  
  28  2:52  SCV  
  28  2:56  Marine  
  30  3:00  Starport  
  30  3:14  Marine  
  30  3:15  Bunker  
  31  3:36  Command Center  
  31  3:48  Missile Turret  
  31  3:50  Widow Mine  
  31  3:54  Marine  
  34  3:59  Medivac  
  36  4:10  Orbital Command  
  36  4:12  Marine  
  37  4:28  Supply Depot  
  37  4:47  Liberator  
  37  4:48  Siege Tank  
  37  4:51  Supply Depot  
  43  4:54  SCV, Refinery  
  44  5:06  SCV x2  
  46  5:18  SCV x2  
  46  5:19  Supply Depot  
  46  5:21  Terran Infantry Weapons Level 1  
  48  5:30  SCV  
  49  5:56  SCV  
  50  5:57  SCV  
  51  6:06  Barracks  
  51  6:08  SCV  
  51  6:09  SCV  
  53  6:20  SCV  
  53  6:21  SCV  
  53  6:23  Barracks  
  55  6:32  SCV, Liberator  
  59  6:33  SCV  
  59  6:37  Marine  
  61  6:44  SCV  
  61  6:45  SCV  
  63  6:55  Marine  
  63  6:59  Missile Turret  
  64  7:03  Missile Turret  
  64  7:07  Missile Turret  
  64  7:10  Widow Mine  
  64  7:13  Barracks Tech Lab, Marine  
  64  7:14  Command Center  
  64  7:15  Terran Infantry Armor Level 1, Barracks Reactor  
  67  7:21  Factory  
  67  7:31  Marine, Widow Mine  
  67  7:34  Missile Turret  
  67  7:36  Refinery  
  71  7:52  Siege Tank  
  71  7:53  Stimpack  
  71  7:58  Barracks Tech Lab  
  73  7:59  Marine x3  
  76  8:07  Armory  
  76  8:10  Fusion Core  
  76  8:17  Marine x2  
  78  8:24  SCV x2  
  80  8:27  Supply Depot  
  80  8:29  Refinery  
  80  8:36  SCV x2  
  80  8:37  SCV  
  80  8:38  Missile Turret  
  83  8:47  Factory Tech Lab  
  83  8:48  SCV, Viking  
  83  8:49  SCV  
  83  8:50  Supply Depot  
  87  9:01  Orbital Command  
  87  9:02  SCV  
  88  9:04  SCV  
  88  9:09  Advanced Ballistics, Armory  
  89  9:14  SCV  
  89  9:16  Starport  
  90  9:18  Viking  
  92  9:26  SCV  
  92  9:29  Supply Depot  
  93  10:05  SCV  
  94  10:13  Marine  
  94  10:14  Marine, Marauder x2  
  99  10:17  SCV  
  98  10:27  Terran Vehicle Weapons Level 1  
  98  10:29  SCV, Armory  
  98  10:31  Marine x2  
  98  10:32  Starport Tech Lab  
  105  10:35  Marauder x2  
  105  10:41  SCV  
  106  10:44  Terran Infantry Weapons Level 2  
  106  10:46  Engineering Bay  
  106  10:49  Marine x2  
  108  10:53  SCV  
  113  10:57  Starport Tech Lab, Marauder x2  
  113  10:59  Caduceus Reactor  
  113  11:01  Supply Depot  
  113  11:07  Marine x2, Medivac  
  117  11:16  Combat Shield  
  117  11:17  Concussive Shells  
  121  11:18  Marauder x2  
  121  11:26  Barracks  
  121  11:28  Supply Depot  
  121  11:33  Terran Vehicle And Ship Armor Level 1  
  121  11:34  Terran Ship Weapons Level 1  
  121  11:37  Terran Infantry Armor Level 2, Medivac  
  121  11:39  Marine  
  126  11:40  Marauder  
  126  11:45  SCV  
  127  11:49  SCV x2  
  129  11:55  Supply Depot  
  129  11:57  SCV  
  136  12:01  SCV x2, Battlecruiser  
  136  12:07  Medivac  
  140  12:09  SCV  
  141  12:17  Refinery  
  141  12:21  SCV  
  142  12:27  Barracks  
  142  12:28  Siege Tank  
  142  12:29  Siege Tank  
  148  12:31  Barracks Reactor  
  148  12:32  Marine  
  149  12:37  Supply Depot  
  149  12:42  Interference Matrix  
  149  12:58  Supply Depot  
  149  12:59  Marine x2, Marauder x2  
  149  13:00  Hi-Sec Auto Tracking  
  155  13:07  Hellion  
  155  13:10  Supply Depot, Smart Servos  
  155  13:12  Drilling Claws  
  157  13:16  Barracks Reactor  
  157  13:19  Battlecruiser  
  165  13:20  Hellion  
  165  13:22  Starport  
  165  13:27  Supply Depot  
  165  13:32  Supply Depot, Marine x2, Marauder x2  
  171  13:42  Command Center  
  171  13:49  Battlecruiser  
  171  13:54  Marauder  
  179  14:24  Raven  
  179  14:43  Weapon Refit  
  179  14:44  Terran Vehicle Weapons Level 2, Terran Ship Weapons Level 2, Terran Vehicle And Ship Armor Level 2  
  179  14:48  Marine x2  
  179  14:49  Marine x4, Marauder x2  
  189  14:53  Raven, Medivac  
  189  14:58  Medivac  
  153  15:10  Marauder x2  
  155  15:23  Medivac  
  155  15:24  Marine x6  
  155  15:27  Medivac  
  165  15:32  Marauder x2  
  169  15:41  Marine  
  169  15:42  Marine x5  
  175  15:53  Marauder x2  
  179  15:59  Marine  
  180  16:07  Refinery, Bunker  
  180  16:10  Refinery  
  180  16:14  Marauder  
  180  16:15  Marauder  
  158  16:36  Marauder x2  
  151  16:45  Marine x6  
  144  16:57  Marauder x2  
  154  17:14  Command Center  
Show
View Real Time Build Order
Export as new Build Order

iPlayDefense Terran 

Build Orders:  

Get SALT Encoding   

  12  0:00  SCV  
  13  0:16  Supply Depot  
  13  0:18  SCV  
  14  0:25  Refinery  
  14  0:30  SCV  
  16  0:42  SCV  
  16  0:48  Barracks  
  16  0:55  SCV  
  17  1:07  SCV  
  18  1:19  SCV  
  19  1:31  SCV  
  20  1:39  Barracks Reactor  
  20  1:42  Supply Depot  
  20  1:50  Command Center  
  21  1:58  Orbital Command  
  20  2:12  Barracks  
  20  2:21  Refinery  
  20  2:23  Marine x2  
  22  2:30  SCV  
  23  2:42  SCV, Marine x2  
  26  2:55  SCV  
  27  3:01  Barracks Tech Lab  
  27  3:04  Barracks  
  27  3:07  SCV x2  
  29  3:14  Supply Depot  
  29  3:19  SCV  
  30  3:31  SCV  
  30  3:33  SCV, Engineering Bay  
  32  3:36  Marine x2  
  32  3:38  Combat Shield  
  34  3:43  SCV  
  35  3:52  Supply Depot  
  35  3:55  SCV  
  36  3:57  Barracks Tech Lab  
  36  3:59  Factory  
  36  4:07  SCV, Marine x2  
  39  4:17  Supply Depot  
  39  4:19  Terran Infantry Weapons Level 1, SCV  
  40  4:24  Stimpack  
  40  4:29  Marine x3  
  43  4:31  SCV  
  44  4:40  Bunker  
  44  4:43  SCV  
  45  4:53  Marine x2  
  45  4:54  Marauder x2  
  45  4:56  SCV  
  52  5:01  Factory Tech Lab  
  52  5:03  Factory  
  52  5:08  SCV  
  53  5:19  Supply Depot  
  53  5:20  SCV, Siege Tank  
  57  5:24  Marine  
  57  5:25  Marine x2  
  57  5:26  Marauder  
  62  5:32  SCV  
  63  5:41  Supply Depot  
  63  5:43  Marauder  
  63  5:44  SCV  
  63  5:48  Marine x2  
  63  5:49  Marauder  
  70  5:53  Siege Tank  
  70  5:56  SCV  
  74  6:00  Missile Turret  
  74  6:04  Factory Tech Lab  
  74  6:05  Marauder  
  76  6:14  Supply Depot  
  76  6:16  Supply Depot  
  76  6:17  Marine  
  76  6:18  Marine, Marauder  
  80  6:20  SCV  
  80  6:21  Missile Turret  
  80  6:25  Siege Tank  
  84  6:27  Hellion  
  84  6:36  SCV  
  84  6:39  Supply Depot  
  75  6:48  SCV  
  76  6:55  Supply Depot  
  76  6:57  Siege Tank  
  76  7:01  SCV  
  80  7:04  Terran Infantry Armor Level 1  
  80  7:13  SCV, Missile Turret  
  81  7:16  Supply Depot  
  81  7:21  Marine x3  
  81  7:22  Marauder  
  86  7:25  SCV  
  86  7:26  Cyclone  
  90  7:33  Missile Turret  
  90  7:37  Supply Depot, SCV  
  90  7:40  Refinery  
  91  7:44  Refinery  
  91  7:48  Missile Turret  
  91  7:55  Missile Turret  
  91  8:02  Supply Depot  
  91  8:03  SCV  
  92  8:14  Missile Turret  
  92  8:15  SCV, Missile Turret  
  93  8:21  Marine x3  
  93  8:22  Marauder  
  98  8:29  Starport  
  98  8:39  Marine x2  
  98  8:40  Marauder  
  102  8:43  Marine  
  102  8:47  Cyclone x2  
  109  8:54  SCV  
  110  9:01  Marauder  
  112  9:06  SCV  
  113  9:10  Command Center  
  113  9:15  Bunker  
  113  9:18  SCV, Starport Reactor  
  112  9:25  Marine x3  
  112  9:26  Marauder  
  112  9:30  Siege Tank  
  112  9:31  SCV  
  121  9:43  Marauder  
  123  10:06  Hi-Sec Auto Tracking  
  120  10:08  Missile Turret  
  114  10:29  Missile Turret  
  114  10:32  Missile Turret  
  114  10:40  Liberator  
  117  10:49  Missile Turret  
  117  10:52  Missile Turret  
  117  11:07  Siege Tank  
  117  11:08  Siege Tank, Medivac  
  125  11:12  Marine x4  
  129  11:20  SCV x2  
  129  11:23  Medivac  
  133  11:29  Marine x2  
  133  11:30  Marine x2  
  133  11:32  SCV x2  
  139  11:38  Medivac  
  141  11:47  Marine x2  
  141  11:48  Marauder x2  
  141  11:53  Medivac  
  149  11:59  Missile Turret  
  149  12:02  Armory  
  149  12:05  Marine x2  
  151  12:08  Medivac  
  151  12:09  Marauder  
  151  12:10  Marauder  
  157  12:19  Missile Turret  
  157  12:20  Supply Depot  
  157  12:39  Missile Turret  
  157  12:42  SCV x2, Marine x2, Medivac x2  
  157  12:43  Supply Depot  
  165  13:05  SCV x3, Marine x2, Marauder  
  172  13:07  Supply Depot  
  172  13:12  Supply Depot  
  172  13:13  Terran Vehicle Weapons Level 1  
  172  13:16  Terran Infantry Weapons Level 2  
  172  13:17  SCV  
  173  13:29  SCV x3, Marine x3, Marauder  
  173  13:33  Supply Depot  
  181  13:34  Supply Depot  
  181  13:41  SCV x3  
  181  13:47  Marine x3  
  187  13:50  Marine  
  187  13:53  SCV  
  187  13:58  Supply Depot  
  187  14:06  Refinery  
  187  14:08  SCV, Refinery  
  187  14:11  Marine x4  
  191  14:20  SCV  
  192  14:28  Marine  
  192  14:29  Marine x3  
  196  14:32  SCV  
  196  14:44  SCV  
  191  14:46  Marine x2  
  191  14:47  Marauder x2  
  147  15:04  Marine x2  
  116  15:07  Terran Ship Weapons Level 1  
  116  15:08  Marine x2  
  100  15:20  Command Center  
  94  15:26  Marauder x2  
  94  15:27  Marine  
  94  15:28  Marine  
  94  15:45  Marine x2  
  94  15:48  Marauder x2  
  98  16:03  Marine x2  
  100  16:08  Marine  
  100  16:09  Marine  
  81  16:21  Marine x2  
  70  16:26  Marine x2  
  62  16:42  Marine  
  62  16:43  Marine  
  62  16:44  Marine x2  
  51  17:00  Marine  
  51  17:01  Marine  
Tags
 
Matchup
TvT
Race
Terran
Replay Pack
DaveSC2
Spawn Locations
Cross Positions
Add a new tag
Caveats
  • Supply blocks, unpowered buildings, or Contaminate may cause inaccurate times.
  • Supply counts are checked every 10 seconds.